Map: Oxide LE

Players

Trap

  • Race: Protoss Protoss
  • Spawn Location: 7:00

Zest - Winner!

  • Race: Protoss Protoss
  • Spawn Location: 1:00

Event: IEM Katowice 2021

VOD

Have the link to the VOD?

Description

Time

  • Played on: Feb. 24, 2021, 10:31 a.m.
  • Length: 5:41

All games in this series

Show
View Real Time Build Order
Export as new Build Order

Trap Protoss 

Build Orders: Phoenix Opening 

Get SALT Encoding   

  12  0:00  Probe  
  13  0:12  Probe  
  14  0:18  Pylon  
  14  0:24  Probe  
  15  0:36  Probe (Chrono Boost)  
  15  0:38  Gateway  
  16  0:46  Probe (Chrono Boost)  
  16  0:48  Assimilator  
  17  0:51  Probe (Chrono Boost)  
  17  0:56  Assimilator  
  18  1:03  Probe  
  19  1:09  Pylon  
  19  1:15  Probe  
  20  1:26  Cybernetics Core  
  20  1:27  Probe  
  20  1:31  Zealot  
  23  1:39  Probe  
  23  1:44  Pylon  
  23  1:51  Probe  
  24  1:59  Adept (Chrono Boost)  
  24  2:03  Probe  
  27  2:12  Stargate  
  27  2:15  Warp Gate, Probe  
  28  2:25  Pylon  
  28  2:29  Probe  
  28  2:35  Stalker  
  31  2:44  Probe  
  31  2:55  Phoenix (Chrono Boost)  
  33  3:03  Probe  
  34  3:11  Phoenix (Chrono Boost)  
  34  3:19  Probe  
  37  3:21  Pylon  
  39  3:30  Phoenix (Chrono Boost)  
  39  3:38  Shield Battery x2  
  39  3:40  Pylon  
  39  3:43  Stalker  
  41  3:54  Phoenix  
  36  4:18  Shield Battery  
  36  4:19  Phoenix (Chrono Boost)  
  36  4:22  Stalker  
  40  4:26  Gateway  
  40  4:37  Void Ray (Chrono Boost)  
  40  4:43  Gateway  
  44  4:50  Shield Battery  
  44  4:58  Gateway  
  44  5:04  Shield Battery  
  42  5:22  Zealot  
  42  5:26  Gateway  
  40  5:38  Zealot  
Show
View Real Time Build Order
Export as new Build Order

Zest Protoss - Winner!

Build Orders:  

Get SALT Encoding   

  12  0:00  Probe  
  13  0:12  Probe  
  14  0:17  Pylon  
  14  0:24  Probe (Chrono Boost)  
  15  0:36  Probe (Chrono Boost)  
  15  0:39  Gateway  
  16  0:45  Probe (Chrono Boost)  
  16  0:47  Assimilator  
  17  0:51  Probe  
  18  1:01  Assimilator  
  18  1:03  Probe (Chrono Boost)  
  20  1:12  Pylon, Probe (Chrono Boost)  
  20  1:17  Probe (Chrono Boost)  
  21  1:26  Cybernetics Core  
  21  1:29  Probe  
  22  1:34  Zealot  
  24  1:41  Probe  
  25  1:49  Pylon  
  25  1:53  Probe  
  26  2:02  Stalker (Chrono Boost)  
  26  2:07  Warp Gate  
  28  2:16  Stargate  
  28  2:23  Stalker  
  30  2:34  Pylon  
  30  2:44  Gateway  
  29  2:54  Stalker  
  29  2:55  Void Ray (Chrono Boost)  
  34  3:10  Gateway  
  34  3:18  Gateway  
  34  3:21  Shield Battery  
  34  3:29  Void Ray (Chrono Boost)  
  38  3:38  Pylon  
  38  4:01  Pylon  
  36  4:05  Stalker x2  
  40  4:12  Shield Battery  
  40  4:20  Stalker  
  42  4:26  Shield Battery  
  42  4:32  Stalker  
  42  4:44  Stalker  
  42  4:45  Stalker  
  45  5:02  Stalker  
  45  5:05  Pylon  
  47  5:30  Stalker x3  

Tags
 
Add a new tag
Caveats
  • Supply blocks, unpowered buildings, or Contaminate may cause inaccurate times.
  • Supply counts are checked every 10 seconds.